 Dungeon Sprint DCSS version 0.18-b1-18-g7758cf2 (webtiles) character file.

145 otab the Skirmisher (level 5, -10/56 HPs)
             Began as a Naga Fighter on May 2, 2016.
             Was an Initiate of Nemelex Xobeh.
             Mangled by a daeva
             ... wielding a +2 scimitar of holy wrath
              (24 damage)
             ... in the Dungeon (Sprint V: "Ziggurat Sprint").
             The game lasted 00:01:47 (130 turns).

otab the Skirmisher (Naga Fighter)                   Turns: 130, Time: 00:01:48

Health: -10/56     AC: 15    Str: 30    XL:     5   Next: 27%
Magic:  6/8        EV:  9    Int:  9    God:    Nemelex Xobeh [......]
Gold:   0          SH:  0    Dex: 21    Spells: 0 memorised, 4 levels left

rFire  + . .     SeeInvis +     J - +14 plutonium sword {*Contam Stlth-}
rCold  + . .     Gourm    .     K - +5 gold dragon armour
rNeg   . . .     Faith    .     (shield currently unavailable)
rPois  +         Spirit   .     (no helmet)
rElec  .         Dismiss  .     (no cloak)
rCorr  .         Reflect  .     (no gloves)
SustAt .         Harm     .     (no barding)
MR     .....     NoTele   +     (no amulet)
Stlth  ..........               m - +6 ring of dexterity
                                p - +6 ring of strength

@: mighty, agile, very slightly contaminated, hasted, glowing, studying
Fighting, quick, not resistant to hostile enchantments, extremely unstealthy
A: see invisible, deformed body, poison resistance, slowness 2, slow metabolism
1, spit poison 2, AC +1
a: Spit Poison, Renounce Religion


You were in the Dungeon.
You worshipped Nemelex Xobeh.
Nemelex Xobeh was noncommittal.
You were not hungry.

You visited 1 branch

Inventory:

Hand Weapons
 a - a +0 long sword
 J - the +14 plutonium sword (weapon) {*Contam Stlth-}
   (You found it in the Dungeon)

   It causes magical contamination when unequipped.
   It makes you less stealthy.
Armour
 b - a +0 scale mail
 c - a +0 shield
 K - a +5 gold dragon armour (worn)
Jewellery
 l - a +6 ring of dexterity
 m - a +6 ring of dexterity (right hand)
 n - a +6 ring of intelligence
 o - a +6 ring of intelligence
 p - a +6 ring of strength (left hand)
 q - a +6 ring of strength
Wands
 r - a wand of disintegration (7/24)
 s - a wand of iceblast (5/15)
 t - a wand of lightning (5/15)
 u - a wand of acid (5/15)
Scrolls
 k - 4 scrolls of blinking
 y - 4 scrolls of amnesia
 B - 3 scrolls of recharging
 C - 7 scrolls of fog
 D - a scroll of holy word
 E - 5 scrolls of identify
 F - 5 scrolls of remove curse
 G - 2 scrolls of fear
Potions
 d - 5 potions of might
 e - 10 potions of curing
 g - 9 potions of heal wounds
 h - 5 potions of haste
 i - 7 potions of magic
 j - 3 potions of berserk rage
 v - 2 potions of brilliance
 w - 2 potions of invisibility
 x - 4 potions of resistance
 A - 4 potions of agility
Books
 L - a manual of Fighting
Miscellaneous
 z - a plain deck of destruction {drawn: 1}
Comestibles
 f - 5 bread rations
 H - 42 fruits
 I - 4 meat rations


   Skills:
 * Level 6.3 Fighting
 + Level 5.3 Long Blades
 + Level 4.7 Armour
 + Level 1.8 Dodging
 + Level 4.5 Shields
 * Level 5.0 Evocations


You had 4 spell levels left.
You didn't know any spells.

Dungeon Overview and Level Annotations

Branches:
Dungeon (1/1)

Altars:
Ashenzari
Cheibriados
Dithmenos
Elyvilon
Fedhas
Gozag
Kikubaaqudgha
Makhleb
Nemelex Xobeh
Okawaru
Pakellas
Qazlal
Ru
Sif Muna
Trog
Vehumet
Xom
Yredelemnul
Zin
The Shining One
Beogh
Jiyva
Lugonu


Innate Abilities, Weirdness & Mutations

You cannot wear boots.
Your serpentine skin is tough (AC +1).
You have supernaturally acute eyesight.
Armour fits poorly on your strangely shaped body.
Your system is resistant to poisons.
You cover ground very slowly.
You have a slow metabolism.
You can spit poison.


Message History

The daeva is lightly wounded.
The ufetubus hits you but does no damage.
The ufetubus barely misses you. The daeva barely misses you.
The daeva hits you with a scimitar of holy wrath!
Unknown command.
Unknown command.
The daeva blocks your attack.
The daeva is lightly wounded.
The ufetubus barely misses you.
The ufetubus hits you but does no damage. x3
The daeva calls down the wrath of the Shining One upon you.
The Shining One smites you!
* * * LOW HITPOINT WARNING * * *
Unknown command.
The daeva blocks your attack.
The daeva is lightly wounded.
The ufetubus barely misses you. The ufetubus completely misses you.
The daeva hits you with a scimitar of holy wrath!!
You die...
Your body disappears without additional glow.

▓▓▓▓▓▓▓▓▓▓▓▓▓
▓.8©8.▓.8©8.▓
▓."[".▓.....▓
▓.....▓.:...▓
▓.....▓.....▓
▓.....▓.....▓
▓..5A.▓.....▓
▓..@..▓▓▓▓▓▓▓
▓▓▓▓▓▓▓


You could see a daeva and an ufetubus.

Vanquished Creatures
  A giant eyeball (D)
  An iron imp (D)
  An ooze (D)
3 creatures vanquished.

Notes
Turn   | Place    | Note
--------------------------------------------------------------
     0 | D        | otab the Naga Fighter began the quest for the Orb.
     0 | D        | Reached XP level 1. HP: 21/21 MP: 1/1
     0 | D        | Found a viscous altar of Jiyva.
     0 | D        | Found a roughly hewn altar of Beogh.
     0 | D        | Found a corrupted altar of Lugonu.
     0 | D        | Found a white marble altar of Elyvilon.
     0 | D        | Found a sparkling altar of Nemelex Xobeh.
    13 | D        | Found a bloodstained altar of Trog.
    13 | D        | Found a deep blue altar of Sif Muna.
    13 | D        | Found a burning altar of Makhleb.
    13 | D        | Found an iron altar of Okawaru.
    24 | D        | Became a worshipper of Nemelex Xobeh the Trickster
    28 | D        | Found a radiant altar of Vehumet.
    34 | D        | Found a shimmering altar of Xom.
    81 | D        | Reached skill level 1 in Dodging
    81 | D        | Reached XP level 2. HP: 30/30 MP: 1/4
    88 | D        | Received a gift from Nemelex Xobeh
    88 | D        | Entered arena 1.
    88 | D        | Noticed a giant eyeball
    90 | D        | Paralysed by a giant eyeball for 3 turns
    93 | D        | Killed a giant eyeball
    93 | D        | Reached skill level 5 in Fighting
    93 | D        | Reached skill level 5 in Long Blades
    93 | D        | Reached XP level 3. HP: 39/39 MP: 2/6
    93 | D        | Reached XP level 4. HP: 46/46 MP: 2/7
    96 | D        | Reached XP level 5. HP: 48/52 MP: 2/8
   118 | D        | Entered arena 2.
   118 | D        | Noticed a daeva
   124 | D        | Reached skill level 6 in Fighting
   124 | D        | Reached skill level 5 in Evocations
   130 | D        | Mangled by a daeva

Skill      XL: |  1  2  3  4  5 |
---------------+----------------+-----
Long Blades    | 4 5 |  5.3
Armour         | 3 4 |  4.7
Dodging        | 1 |  1.8
Shields        | 3 4 |  4.5
Evocations     | 3 4 5 |  5.0
Fighting       | 5 6 |  6.3

Action                   |  1- 3 |  4- 6 || total
-------------------------+-------+-------++-------
Melee: Triple sword      |     1 |    10 ||    11
Evoke: Deck              |       |     1 ||     1
  Use: Potion            |     1 |     4 ||     5
Armor: Gold dragon armou |     3 |    16 ||    19
Dodge: Dodged            |     1 |     9 ||    10
